 Dungeon Crawl Stone Soup version 0.27-a0-1065-ge809cff456 (webtiles) character file.

Game seed: 718068800690863887

7989 zazu2006 the Covert (level 11, -11/96 HPs)
             Began as a Naga Hedge Wizard on Apr 22, 2021.
             Was a Priest of Vehumet.
             Splashed by an acid dragon's acid (13 damage)
             ... on level 9 of the Dungeon.
             The game lasted 00:31:02 (10634 turns).

zazu2006 the Covert (Naga Hedge Wizard)            Turns: 10634, Time: 00:31:03

Health: -11/96     AC:  8    Str: 14    XL:     11   Next: 23%
Magic:  1/21       EV: 11    Int: 17    God:    Vehumet [***...]
Gold:   538        SH:  0    Dex: 10    Spells: 15/24 levels left

rFire    . . .     SeeInvis +   H - +0 scimitar (flame)
rCold    + . .     Faith    .   (no shield)
rNeg     . . .     Spirit   .   I - +1 steam dragon scales
rPois    +         Reflect  .   B - +1 helmet
rElec    .         Harm     .   K - +0 cloak
rCorr    .         Rampage  .   (no gloves)
Will     +....                  (no barding)
Stlth    ++++......             k - amulet of regeneration
HPRegen  1.26/turn              E - ring of wizardry
MPRegen  0.17/turn              (no ring)

@: corroded, very slightly contaminated, studying Maces & Flails, very slow
A: AC +3, large, see invisible, deformed body, poison resistance, slowness 2,
spit poison 1, naga tail 1, iridescent scales 1, cold resistance 1
a: Spit Poison, Renounce Religion


You were on level 9 of the Dungeon.
You worshipped Vehumet.
Vehumet was most pleased with you.
You visited 2 branches of the dungeon, and saw 10 of its levels.
You also visited: Sewer.

You collected 538 gold pieces.

Inventory:

Hand Weapons
 i - a +2 dagger of speed
 x - a +4 short sword
 H - a +0 scimitar of flaming (weapon)
Missiles
 g - 2 curare-tipped darts
 r - 5 throwing nets
Armour
 j - a +2 robe of cold resistance
 y - a +2 scale mail of fire resistance
 B - a +1 helmet (worn)
 F - the +2 leather armour "Cufibim" {Str-2 Int+9}
   (You found it on level 6 of the Dungeon)

   It affects your strength (-2).
   It affects your intelligence (+9).
 I - +1 steam dragon scales (worn)
 K - a +0 cloak (worn)
Jewellery
 k - an amulet of regeneration (around neck)
 A - an amulet of reflection
 E - a ring of wizardry (left hand)
 G - an amulet of faith
Wands
 u - a wand of flame (30)
 J - a wand of iceblast (10)
 M - a wand of paralysis (6)
Scrolls
 a - 2 scrolls of silence {unknown}
 c - 8 scrolls of identify
 d - 3 scrolls of enchant weapon
 e - 5 scrolls of noise
 f - 3 scrolls of vulnerability {unknown}
 l - 2 scrolls of fear {unknown}
 p - 2 scrolls of teleportation {unknown}
 s - 3 scrolls of blinking {unknown}
 w - a scroll of amnesia {unknown}
 C - 2 scrolls of enchant armour
 L - a scroll of summoning {unknown}
Potions
 b - 3 potions of flight
 h - 3 potions of resistance
 m - 2 potions of mutation
 n - 2 potions of brilliance {unknown}
 q - 4 potions of lignification {unknown}
 t - a potion of might {unknown}
 v - 2 potions of attraction {unknown}
 z - a potion of degeneration {unknown}
 N - a potion of magic {unknown}


   Skills:
 + Level 5.4 Fighting
 - Level 2.0(5.0) Short Blades
 + Level 7.2(7.3) Long Blades
 + Level 1.9 Throwing
 + Level 2.5 Armour
 + Level 4.6 Dodging
 + Level 10.4 Stealth
 + Level 7.0 Spellcasting
 + Level 5.4 Conjurations
 + Level 1.0 Summonings
 + Level 2.4 Translocations
 + Level 1.0 Fire Magic
 + Level 2.4 Air Magic
 + Level 4.1 Poison Magic
 + Level 2.6 Evocations


You had 15 spell levels left.
You knew the following spells:

 Your Spells              Type           Power      Damage    Failure   Level
a - Magic Dart            Conj           96%        1d7       1%          1
b - Mephitic Cloud        Conj/Pois/Air  19%        N/A       1%          3
c - Conjure Flame         Conj/Fire      17%        6-21      1%          3
d - Blink                 Tloc           N/A        N/A       2%          2

Your spell library contained the following spells:

 Spells                   Type           Power      Damage    Failure   Level
 Static Discharge         Conj/Air       19%        N/A       1%          2
 Poisonous Vapours        Pois/Air       34%        N/A       1%          2
 Dazzling Flash           Conj/Hex       30%        N/A       1%          3
 Beastly Appendage        Tmut           12%        N/A       4%          1
 Corona                   Hex            6%         N/A       4%          1
 Call Imp                 Summ           9%         N/A       4%          2
 Spider Form              Tmut/Pois      6%         N/A       6%          3
 Ensorcelled Hibernation  Hex/Ice        12%        N/A       7%          2
 Slow                     Hex            6%         N/A       7%          2
 Wereblood                Tmut           6%         N/A       7%          2
 Confusing Touch          Hex            6%         N/A       14%         3
 Tukima's Dance           Hex            6%         N/A       14%         3
 Ice Form                 Ice/Tmut       6%         N/A       41%         4
 Freezing Cloud           Conj/Ice/Air   7%         6-21      47%         6
 Hydra Form               Tmut           3%         N/A       75%         5


Dungeon Overview and Level Annotations

Branches:
Dungeon (9/15)             Temple (1/1) D:4           Sewer (visited)
   Lair: D:8-11         Orc: D:9-12

Altars:
Ashenzari
Cheibriados
Dithmenos
Elyvilon
Fedhas
Gozag
Hepliaklqana
Makhleb
Nemelex Xobeh
Okawaru
Qazlal
Ru
Sif Muna
Trog
Uskayaw
Vehumet
Xom
Zin

Shops:
D:4 (::

Annotations:
D:5 2 runed translucent doors, Zeld's ghost, novice OpCj
D:9 Psyche


Innate Abilities, Weirdness & Mutations

Your serpentine skin is tough. (AC +3)
You have supernaturally acute eyesight. (SInv)
Armour fits poorly on your strangely shaped body.
Your system is resistant to poisons. (rPois)
You cover ground very slowly.
You can spit poison.
You have a snake-like lower body.
You are partially covered in iridescent scales. (AC +2)
Your flesh is cold resistant. (rC+)


Message History

* * * LOW HITPOINT WARNING * * *
Psyche hits you with a +4 dagger of chaos!
* * * LOW HITPOINT WARNING * * *
Psyche freezes you.
* * * LOW HITPOINT WARNING * * *
The gnoll hits the gnoll sergeant but does no damage.
The gnoll sergeant hits you from afar with a +3 vorpal spear.
* * * LOW HITPOINT WARNING * * *
x2 The unseen horror hits the gnoll.
Okay, then.
You feel much better.
The unseen horror hits the gnoll!
Psyche hits you with a +4 dagger of chaos.
* * * LOW HITPOINT WARNING * * *
The unseen horror hits you.
* * * LOW HITPOINT WARNING * * *
The gnoll barely misses you.
The gnoll completely misses the unseen horror.
Psyche says, "I'm so lonely.
Only corpses are my friends."
Psyche hits you but does no damage.
You are electrocuted!
* * * LOW HITPOINT WARNING * * *
The gnoll sergeant barely misses you.
The unseen horror misses Psyche.
Unknown command.
Unknown command.
You feel much better.
The unseen horror hits you but does no damage.
The unseen horror hits the gnoll.
The unseen horror hits itself.
The gnoll hits you from afar with a +0 spear.
Psyche hits you with a +4 dagger of chaos.
You are electrocuted!!
* * * LOW HITPOINT WARNING * * *
The orc warrior hits the gnoll with a +0 halberd!
The gnoll is killed!
Vehumet accepts your kill.
The gnoll sergeant hits you from afar with a +3 vorpal spear!
* * * LOW HITPOINT WARNING * * *
x2 The acid dragon spits acid at you.
The splash of acid hits you.
* * * LOW HITPOINT WARNING * * *
The acid corrodes you!
You are splashed with acid!
You die...

.......#####.......###..
.......)..†††.....#####.
#......))).......###.#'#
##..............###._.##
##..............###.#'#
##..gg.o........#####.
##.g.)...)......###..
##Dx@...........#..#
##@........).....##
#################


You could see Psyche, an unseen horror (invisible, confused), an orc warrior
(confused), an acid dragon (catching breath), a gnoll sergeant and 2 gnolls.

Vanquished Creatures
  Harold (D:8)
  Pikel (D:4)
  Joseph (D:8)
  Maurice (D:8)
  Maggie (D:6)
  A troll (D:9)
  14 yaks
  A steam dragon (D:8)
  Grum (D:9)
  Edmund (D:4)
  Menkaure (D:4)
  Duvessa (D:4)
  An acid dragon (D:8)
  2 water moccasins
  A hornet zombie (D:7)
  An orc warrior (D:8)
  A sky beast (D:7)
  4 necrophages (D:7)
  2 wolves (D:9)
  2 centaurs
  2 lemures (D:4)
  2 kobold brigands
  4 bullfrogs
  Dowan (D:4)
  A water moccasin skeleton (D:4)
  6 killer bees (D:8)
  5 wights
  A crimson imp (D:6)
  A howler monkey (D:7)
  Crazy Yiuf (D:7)
  4 orc priests
  A centaur zombie (D:7)
  A hound (D:5)
  2 jellies
  A gnoll shaman (D:6)
  A centaur skeleton (D:6)
  6 iguanas
  4 orc wizards
  Terence (D:3)
  4 killer bee zombies
  A hound zombie (D:5)
  A hound skeleton (D:5)
  2 howler monkey zombies
  3 howler monkey skeletons
  11 gnolls
  12 adders
  3 river rats
  A white imp (D:6)
  A worm (D:3)
  An adder skeleton (D:4)
  3 dart slugs (D:2)
  27 orcs
  3 bats (D:1)
  6 endoplasms
  2 giant cockroaches
  8 hobgoblins
  5 jackals
  12 kobolds
  6 quokkas
  5 ball pythons
  5 frilled lizards
  5 goblins
  8 rats
219 creatures vanquished.

Vanquished Creatures (others)
  A wolf (D:9)
  A bullfrog (D:8)
  A bush (D:7)
  13 plants (D:7)
16 creatures vanquished.

Grand Total: 235 creatures vanquished

Notes
Turn   | Place    | Note
-------+----------+-------------------------------------------
     0 | D:1      | zazu2006 the Naga Hedge Wizard began the quest for the Orb.
     0 | D:1      | Reached XP level 1. HP: 15/15 MP: 4/4
   346 | D:1      | Reached XP level 2. HP: 6/22 MP: 0/6
  1032 | D:1      | Reached XP level 3. HP: 28/28 MP: 2/8
  1036 | D:1      | Learned a level 3 spell: Mephitic Cloud
  1040 | D:1      | Learned a level 3 spell: Conjure Flame
  1043 | D:1      | Learned a level 2 spell: Blink
  2062 | D:2      | Reached XP level 4. HP: 10/37 MP: 0/9
  2619 | D:2      | Reached skill level 4 in Stealth
  2764 | D:2      | Found a snail-covered altar of Cheibriados.
  3132 | D:3      | Reached XP level 5. HP: 43/43 MP: 6/11
  3143 | D:3      | Reached skill level 1 in Poison Magic
  3147 | D:3      | Reached skill level 1 in Short Blades
  3174 | D:3      | Found a glowing drain.
  3179 | Sewer    | Entered a sewer
  3295 | Sewer    | Reached skill level 1 in Fighting
  3332 | Sewer    | Noticed a kobold brigand
  3513 | Sewer    | Killed a kobold brigand
  3514 | Sewer    | Reached XP level 6. HP: 32/51 MP: 9/12
  3604 | Sewer    | Found a white marble altar of Elyvilon.
  4122 | D:3      | Found a bloodstained altar of Trog.
  4248 | D:3      | Reached skill level 1 in Armour
  4290 | D:3      | Found a stormy altar of Qazlal.
  4290 | D:3      | Noticed Terence
  4296 | D:3      | Killed Terence
  4446 | D:4      | Found a staircase to the Ecumenical Temple.
  4468 | Temple   | Entered the Ecumenical Temple
  4508 | Temple   | Became a worshipper of Vehumet
  4670 | D:4      | Reached skill level 1 in Long Blades
  4670 | D:4      | Reached XP level 7. HP: 18/57 MP: 13/13
  4824 | D:4      | Noticed Pikel
  4862 | D:4      | Killed Pikel
  4863 | D:4      | Reached skill level 1 in Throwing
  4863 | D:4      | Reached skill level 5 in Stealth
  4863 | D:4      | Reached XP level 8. HP: 37/67 MP: 8/14
  5075 | D:4      | Gained mutation: You have a pair of small horns on your
                  | head. [potion of mutation]
  5075 | D:4      | Gained mutation: You are somewhat resistant to further
                  | mutation. [potion of mutation]
  5271 | D:4      | Noticed Edmund
  5291 | D:4      | Killed Edmund
  5421 | D:4      | Found Bouhe's Book Shoppe.
  5470 | D:4      | Found Entaf's Antique Weapon Emporium.
  5550 | D:4      | Noticed Duvessa
  5552 | D:4      | Noticed Dowan
  5560 | D:4      | Killed Duvessa
  5561 | D:4      | Reached skill level 5 in Spellcasting
  5562 | D:4      | Killed Dowan
  5624 | D:4      | Noticed Menkaure
  5631 | D:4      | Killed Menkaure
  5632 | D:4      | Reached skill level 6 in Stealth
  5632 | D:4      | Reached skill level 1 in Evocations
  5736 | D:4      | Found Ucudabre's Book Boutique.
  5860 | D:5      | Entered Level 5 of the Dungeon
  5888 | D:5      | Reached skill level 1 in Air Magic
  6071 | D:5      | Lost mutation: You have a pair of small horns on your head.
                  | [potion of mutation]
  6071 | D:5      | Lost mutation: You are somewhat resistant to further
                  | mutation. [potion of mutation]
  6071 | D:5      | Gained mutation: Your flesh is cold resistant. (rC+)
                  | [potion of mutation]
  6071 | D:5      | Gained mutation: You are partially covered in iridescent
                  | scales. (AC +2) [potion of mutation]
  6155 | D:5      | Reached * piety under Vehumet
  6155 | D:5      | Offered knowledge of Foxfire by Vehumet.
  6260 | D:5      | Found a hide-covered altar of Uskayaw.
  6497 | D:5      | Found a large runed translucent door.
  6497 | D:5      | Found a large runed translucent door.
  6498 | D:5      | Noticed Zeld's ghost (novice OpCj)
  6650 | D:6      | Identified the +2 leather armour "Cufibim" {Str-2 Int+9}
  6866 | D:6      | Reached XP level 9. HP: 74/74 MP: 17/17
  7144 | D:6      | Reached skill level 7 in Stealth
  7187 | D:6      | Found a burning altar of Makhleb.
  7347 | D:6      | Noticed Maggie
  7372 | D:6      | Killed Maggie
  7823 | D:7      | Found a blossoming altar of Fedhas.
  7984 | D:7      | Found a white marble altar of Elyvilon.
  8199 | D:7      | Found a sacrificial altar of Ru.
  8734 | D:7      | Found a runed translucent door.
  8735 | D:7      | Noticed Crazy Yiuf
  8894 | D:7      | Killed Crazy Yiuf
  9127 | D:8      | Reached ** piety under Vehumet
  9235 | D:8      | Reached XP level 10. HP: 74/86 MP: 16/19
  9237 | D:8      | Offered knowledge of Freeze by Vehumet.
  9243 | D:8      | Reached skill level 8 in Stealth
  9436 | D:8      | Reached skill level 5 in Long Blades
  9552 | D:8      | Noticed Harold
  9704 | D:8      | Noticed Joseph
  9712 | D:8      | Noticed Maurice
  9731 | D:8      | Killed Joseph
  9739 | D:8      | Killed Maurice
  9955 | D:8      | Killed Harold
  9956 | D:8      | Reached skill level 9 in Stealth
 10086 | D:7      | Reached skill level 5 in Conjurations
 10138 | D:7      | Reached skill level 10 in Stealth
 10298 | D:9      | Reached XP level 11. HP: 88/93 MP: 19/21
 10354 | D:9      | Reached skill level 5 in Fighting
 10354 | D:9      | Reached skill level 1 in Fire Magic
 10399 | D:9      | Offered knowledge of Static Discharge by Vehumet.
 10529 | D:9      | Noticed Psyche
 10551 | D:9      | Found a sparkling altar of Nemelex Xobeh.
 10595 | D:9      | Noticed Grum
 10606 | D:9      | Reached *** piety under Vehumet
 10622 | D:9      | Killed Grum
 10634 | D:9      | HP: 2/96 [acid dragon/splash of acid (5)]
 10634 | D:9      | Splashed by an acid dragon's acid

Illustrated notes

Levels and vault maps discovered:
D:1:      dpeg_arrival_round_a, layout_basic, chequers_serial_rivers_micro_e,
          minmay_split_cup_small
D:2:      layout_rooms, basic_altar
D:3:      layout_basic, nicolae_overflow_crystal_walls, trog_book,
          lightli_sewer_entry_pipes, uniq_terence
D:4:      layout_loops_ring, minmay_temple_entry_statues_fountains,
          serial_shops, shop, kennysheep_mini, shop, minmay_manual_moon,
          uniq_pikel, uniq_duvessa, uniq_menkaure, uniq_edmund
D:5:      layout_cave_pools, lemuel_doored_altar, ebering_ghost_disaster_area,
          minmay_misc_feat_tiny
D:6:      layout_basic, makhleb_grotto_becter, serial_corexii_hall,
          corexii_hall_statues_l, chequers_hall_statues_corner_a, uniq_maggie
D:7:      layout_basic, elyvilon_altar_3, fedhas_altar_decomposition,
          nicolae_ru_sacrificial_ziggurat, uniq_crazy_yiuf_cottage
D:8:      layout_basic, uniq_maurice, uniq_harold, uniq_joseph
D:9:      layout_big_octagon, nemelex_diamond_rough_becter, dpeg_lair_monsters,
          uniq_grum, uniq_psyche
Temple:   nicolae_temple_great_sept

Skill      XL: |  1  2  3  4  5  6  7  8  9 10 11 |
---------------+----------------------------------+-----
Dodging        | 2 3 4 |  4.6
Spellcasting   | 4 5 6 7 |  7.0
Stealth        | 4 5 6 7 10 | 10.4
Poison Magic   | 1 2 4 |  4.1
Short Blades   | 1 2 |  2.0
Fighting       | 1 2 4 5 |  5.4
Conjurations   | 2 3 4 5 |  5.4
Armour         | 1 2 |  2.5
Long Blades    | 1 2 4 6 7 |  7.2
Throwing       | 1 |  1.9
Translocations | 2 |  2.4
Evocations     | 1 2 |  2.6
Air Magic      | 1 2 |  2.4
Fire Magic     | 1 |  1.0
Summonings     | |  1.0

Action                   |  1- 3 |  4- 6 |  7- 9 | 10-12 || total
-------------------------+-------+-------+-------+-------++-------
Melee: Dagger            |    21 |       |       |       ||    21
       Rapier            |     4 |    70 |       |       ||    74
       Falchion          |       |    35 |    44 |       ||    79
       Short sword       |       |       |   174 |       ||   174
       Headbutt          |       |       |    11 |       ||    11
       Scimitar          |       |       |    55 |   200 ||   255
Throw: Dart              |     2 |    10 |     4 |       ||    16
       Throwing net      |       |       |     1 |       ||     1
 Cast: Magic Dart        |    77 |    97 |    92 |    48 ||   314
       Mephitic Cloud    |       |     3 |    14 |    26 ||    43
       Blink             |       |       |     7 |     7 ||    14
       Conjure Flame     |       |       |     9 |     6 ||    15
 Abil: Spit Poison       |    11 |    14 |    16 |    14 ||    55
Evoke: Wand              |       |       |    13 |    10 ||    23
  Use: Potion            |       |     1 |     4 |     4 ||     9
       Scroll            |       |       |       |     3 ||     3
 Stab: Sleeping          |       |     3 |     3 |     1 ||     7
       Confused          |       |     1 |    12 |    26 ||    39
       Distracted        |       |       |     1 |       ||     1
       Paralysed         |       |       |       |     3 ||     3
Armor: Robe              |     5 |     1 |    53 |       ||    59
       Leather armour    |       |    25 |     3 |       ||    28
       Steam dragon scal |       |       |    32 |    99 ||   131
Dodge: Dodged            |    21 |    84 |   131 |   115 ||   351
       Rpst.: Falchion   |       |    11 |     9 |       ||    20
       Scimitar          |       |       |    16 |    32 ||    48

Table legend: (Time is in decaauts)
 A = Elapsed time spent in this place.
 B = Non-inter-level travel time spent in this place.
 C = Inter-level travel time spent in this place.
 D = Time resting spent in this place.
 E = Time spent auto-exploring this place.
 F = Levels seen in this place.
 G = Mean time per level.
                   A        B        C        D        E       F      G
               +--------+--------+--------+--------+--------+-----+--------+
         Total |  13179 |  12672 |    507 |    865 |   8978 |  11 | 1198.1 |
       Dungeon |  12370 |  11863 |    507 |    637 |   8705 |   9 | 1374.4 |
        Temple |    204 |    204 |      0 |     59 |     16 |   1 |  204.0 |
         Sewer |    604 |    604 |      0 |    169 |    256 |   1 |  604.0 |
               +--------+--------+--------+--------+--------+-----+--------+

Top non-repeatable levels by time:
     D:7: 1852 daAuts
     D:2: 1799 daAuts
     D:1: 1797 daAuts
     D:6: 1599 daAuts
     D:4: 1555 daAuts
     D:8: 1207 daAuts
     D:3: 1141 daAuts
     D:5: 961 daAuts
   Sewer: 604 daAuts
     D:9: 455 daAuts
  Temple: 204 daAuts
